 Dungeon Crawl Stone Soup version 0.28-a0-1506-g3893175d92 (webtiles) character file.

Game seed: 14495012568017657369

305 HallandMoats the Skirmisher (level 6, -6/55 HPs)
             Began as a Ghoul Fighter on Jan 14, 2022.
             Was an Elder of Jiyva.
             Mangled by an ogre (27 damage)
             ... on level 5 of the Dungeon.
             The game lasted 00:03:18 (2982 turns).

HallandMoats the Skirmisher (Ghoul Fighter)         Turns: 2982, Time: 00:03:19

Health: -6/55      AC:  8    Str: 20    XL:     6   Next: 39%
Magic:  6/6        EV:  9    Int:  5    God:    Jiyva [****..]
Gold:   77         SH:  4    Dex:  8    Spells: 5/5 levels left

rFire   . . .      SeeInvis .   a - +0 long sword
rCold   + + .      Faith    .   c - +0 buckler
rNeg    + + +      Spirit   .   b - +0 scale mail
rPois   ∞          Reflect  .   (no helmet)
rElec   .          Harm     .   f - +0 cloak
rCorr   +          Rampage  .   (no gloves)
Will    .....                   (no boots)
Stlth   ..........              (no amulet)
HPRegen 1.28/turn               l - ring of protection from cold
MPRegen 0.50/turn               (no ring)

@: inhibited regen
A: claws 1, cold resistance 1, negative energy resistance 3, inhibited
regeneration, torment resistance 2
a: Renounce Religion, Oozemancy, Slimify


You were on level 5 of the Dungeon.
You worshipped Jiyva.
Jiyva was greatly pleased with you.
You visited 1 branch of the dungeon, and saw 5 of its levels.

You collected 77 gold pieces.

Inventory:

Hand Weapons
 a - a +0 long sword (weapon)
Armour
 b - a +0 scale mail (worn)
 c - a +0 buckler (worn)
 f - a +0 cloak (worn)
 p - the +2 robe "Joashoj" {rC+}
   (You found it on level 4 of the Dungeon)

   rC:        It protects you from cold.
Jewellery
 l - a ring of protection from cold (left claw)
 o - an amulet of magic regeneration
Scrolls
 h - a scroll of fog
 j - a scroll of teleportation
 m - a scroll of magic mapping
Potions
 d - a potion of might
 e - a potion of curing {unknown}
 g - a potion of degeneration {unknown}
 k - a potion of flight {unknown}
 n - a potion of brilliance {unknown}


   Skills:
 * Level 4.8 Fighting
 * Level 3.2 Long Blades
 + Level 3.4 Armour
 + Level 1.5 Dodging
 + Level 3.2 Shields
 + Level 2.0 Invocations


You had 5 spell levels left.
You didn't know any spells.
Your spell library contained the following spells:

 Spells                   Type           Power      Damage    Failure   Level
 Animate Dead             Necr           0%         N/A       100%        4
 Haunt                    Necr/Summ      0%         N/A       100%        7
 Infestation              Necr           0%         N/A       100%        8


Dungeon Overview and Level Annotations

Branches:
Dungeon (5/15)
 Temple: D:4-7

Altars:
Jiyva


Innate Abilities, Weirdness & Mutations

You thrive by killing the living.
You are immune to poison.
You have sharp fingernails.
Your flesh is cold resistant. (rC+)
You are immune to negative energy. (rN+++)
You do not regenerate when monsters are visible.
You are immune to unholy pain and torment.


Message History

You hit the ogre.
The ogre is lightly wounded.
The ogre barely misses you.
Your unstable footing causes you to fumble your attack.
The ogre hits you with a +0 giant club.
Your unstable footing causes you to fumble your attack.
The ogre hits you with a +0 giant club!
Your unstable footing causes you to fumble your attack.
The ogre barely misses you.
Your unstable footing causes you to fumble your attack.
The ogre closely misses you. The ogre barely misses you.
You see here an adder corpse.
The ogre hits you but does no damage.
You open the door. You block the ogre's attack.
The ogre hits you with a +0 giant club!!
There is an open door here.
You block the ogre's attack.
You hit the ogre.
The ogre is lightly wounded.
The ogre hits you with a +0 giant club!
You closely miss the ogre.
The ogre is lightly wounded.
The ogre hits you with a +0 giant club!
You hit the ogre but do no damage.
The ogre is lightly wounded.
You hear the slow hiss of a very distant avalanche of sand.
You hit the ogre.
The ogre is lightly wounded.
The ogre hits you with a +0 giant club!
You barely miss the ogre.
The ogre is lightly wounded.
The ogre hits you with a +0 giant club.
You hit the ogre but do no damage.
The ogre is lightly wounded.
The ogre barely misses you.
You hit the ogre.
The ogre is lightly wounded.
The ogre hits you with a +0 giant club!!
You die...

###### #....##
#..@..# #.##O##
#.##l≈♣# +
#.#≈♣♣†♣# ≈#
#.#≈ #♣≈♣≈♣
####.#♣#♣≈≈≈♣
##....##♣l♣≈♣#
##..<##.#≈♣#♣≈♣
#.......'≈♣ ♣≈P


You could see an ogre and an iguana.

Vanquished Creatures
  Grinder (D:3)
  An ogre (D:4)
  An iguana (D:4)
  An orc wizard (D:2)
  3 gnolls (D:3)
  3 adders
  2 dart slugs
  2 orcs (D:2)
  6 ball pythons
  3 endoplasms (D:1)
  2 giant cockroaches
  4 goblins
  4 hobgoblins
  6 kobolds
  8 quokkas
  5 bats
  8 frilled lizards
  6 rats
66 creatures vanquished.

Vanquished Creatures (others)
  An adder (D:2)
  An adder zombie (D:5)
  2 endoplasms
  2 ball pythons
  A giant cockroach (D:2)
  2 goblins
  2 hobgoblins (D:2)
  2 jackals (D:2)
  2 kobolds (D:2)
  A rat (D:2)
  A plant (D:1)
17 creatures vanquished.

Grand Total: 83 creatures vanquished

Notes
Turn   | Place    | Note
-------+----------+-------------------------------------------
     0 | D:1      | HallandMoats the Ghoul Fighter began the quest for the Orb.
     0 | D:1      | Reached XP level 1. HP: 19/19 MP: 0/0
   373 | D:1      | Reached XP level 2. HP: 22/26 MP: 1/1
   690 | D:1      | Found a faded altar of an unknown god.
   789 | D:1      | Reached XP level 3. HP: 32/33 MP: 2/2
   796 | D:1      | Prayed at the altar of an unknown god.
   796 | D:1      | Became a worshipper of Jiyva Jifuur the Shapeless
   796 | D:1      | Reached * piety under Jiyva
  1280 | D:2      | Reached skill level 1 in Invocations
  1288 | D:2      | Reached XP level 4. HP: 32/40 MP: 3/3
  1293 | D:2      | Reached skill level 4 in Fighting
  1309 | D:2      | Reached ** piety under Jiyva
  1926 | D:3      | Reached skill level 1 in Dodging
  1975 | D:3      | Noticed Grinder
  1983 | D:3      | Killed Grinder
  1984 | D:3      | Reached XP level 5. HP: 39/47 MP: 3/5
  2071 | D:3      | Reached *** piety under Jiyva
  2603 | D:4      | Identified the +2 robe "Joashoj" {rC+}
  2684 | D:4      | Reached **** piety under Jiyva
  2690 | D:4      | Noticed an ogre
  2696 | D:4      | Killed an ogre
  2697 | D:4      | Reached XP level 6. HP: 47/55 MP: 6/6
  2938 | D:5      | Entered Level 5 of the Dungeon
  2982 | D:5      | Mangled by an ogre

Illustrated notes

Levels and vault maps discovered:
D:1:      dpeg_arrival_lava_temple_mockup, layout_basic,
          shapermc_ecumenical_altar_flowoftime, serial_bayou_lagoon_a
D:2:      layout_basic, minivault_19, minmay_fountain_box, minmay_statues_item,
          kennysheep_nondescript
D:3:      layout_loops_ring, uniq_grinder
D:4:      layout_gridville, minmay_stone_trees_small
D:5:      layout_loops_ring, temple_hall, enter_ossuary_2, saegor_snake_ambush

Skill      XL: |  1  2  3  4  5 |
---------------+----------------+-----
Long Blades    | 2 3 |  3.2
Armour         | 3 |  3.4
Invocations    | 1 2 |  2.0
Fighting       | 4 |  4.8
Dodging        | 1 |  1.5
Shields        | 3 |  3.2

Action                   |  1- 3 |  4- 6 || total
-------------------------+-------+-------++-------
Melee: Long sword        |   114 |   143 ||   257
  Use: Scroll            |       |     3 ||     3
Armor: Scale mail        |    58 |    58 ||   116
Dodge: Dodged            |    72 |    62 ||   134
Block: Buckler           |    24 |    32 ||    56

Table legend: (Time is in decaauts)
 A = Elapsed time spent in this place.
 B = Non-inter-level travel time spent in this place.
 C = Inter-level travel time spent in this place.
 D = Time resting spent in this place.
 E = Time spent auto-exploring this place.
 F = Levels seen in this place.
 G = Mean time per level.
                   A        B        C        D        E       F      G
               +--------+--------+--------+--------+--------+-----+--------+
         Total |   3080 |   2968 |    112 |      0 |   2335 |   5 |  616.0 |
       Dungeon |   3080 |   2968 |    112 |      0 |   2335 |   5 |  616.0 |
               +--------+--------+--------+--------+--------+-----+--------+

Top non-repeatable levels by time:
     D:1: 1229 daAuts
     D:2: 672 daAuts
     D:3: 570 daAuts
     D:4: 553 daAuts
     D:5: 54 daAuts
